 Dungeon Crawl Stone Soup version 0.24-a0-416-g56ce5178b7 (webtiles) character file.

Game seed: 7186416682448637892

408 KristoblXynda the Covered (level 6, -2/57 HPs)
             Began as a Deep Dwarf Fighter on June 9, 2019.
             Shot with an arrow by a centaur (13 damage)
             ... on level 5 of the Dungeon.
             The game lasted 00:05:00 (2888 turns).

KristoblXynda the Covered (Deep Dwarf Fighter)      Turns: 2888, Time: 00:05:01

Health: -2/57      AC:  7    Str: 22    XL:     6   Next: 57%
Magic:  6/6        EV:  7    Int:  8    God:
Gold:   166        SH:  0    Dex: 12    Spells: 5/5 levels left

rFire    + . .     SeeInvis .   a - +0 war axe
rCold    + . .     Gourm    .   c - +0 shield
rNeg     . . .     Faith    .   b - +0 scale mail
rPois    +         Spirit   .   (no helmet)
rElec    +         Reflect  .   (no cloak)
rCorr    +         Harm     .   (no gloves)
MR       .....                  (no boots)
Stlth    ..........             (no amulet)
HPRegen  0.00/turn              (no ring)
MPRegen  0.10/turn              (no ring)

@: confused, resistant, non-regenerating
A: damage resistance, heal wounds, sense surroundings 1, no regeneration
a: Heal Wounds


You were on level 5 of the Dungeon.
You were hungry.

You visited 1 branch of the dungeon, and saw 5 of its levels.

You collected 166 gold pieces.

Inventory:

Hand Weapons
 a - a +0 war axe (weapon)
Missiles
 g - 4 javelins (quivered)
Armour
 b - a +0 scale mail (worn)
 c - a +0 shield (worn)
Wands
 o - a wand of iceblast (4)
Scrolls
 h - 3 scrolls of teleportation
 i - 3 scrolls of remove curse
 j - a scroll of amnesia {unknown}
 m - a scroll of blinking
 r - a scroll of magic mapping {unknown}
 t - a scroll of noise {unknown}
 x - a scroll of fog {unknown}
 y - a scroll of enchant weapon {unknown}
Potions
 d - a potion of might
 e - a potion of ambrosia {unknown}
 k - a potion of mutation {unknown}
 l - 2 potions of haste
 n - a potion of brilliance {unknown}
 q - a potion of curing {unknown}
 s - 2 potions of heal wounds
 z - a potion of invisibility {unknown}
Comestibles
 f - 7 rations


   Skills:
 + Level 4.1 Fighting
 + Level 4.2 Axes
 + Level 5.0 Armour
 + Level 4.9 Shields


You had 5 spell levels left.
You didn't know any spells.
Your spell library was empty.

Dungeon Overview and Level Annotations

Branches:
Dungeon (5/15)
 Temple: D:4-7

Altars:
Ashenzari
Okawaru
Yredelemnul


Innate Abilities, Weirdness & Mutations

You are resistant to damage.
You can heal yourself by infusing magical energy.
You passively map a small area around you.
You do not regenerate.


Message History

The puff of flame hits you!
* * * LOW HITPOINT WARNING * * *
The giant cockroach waves its antennae.
The orc wizard barely misses you. You block the orc wizard's attack.
A centaur comes into view.
You closely miss the orc wizard.
The orc wizard is almost dead.
You hit the orc wizard. You block the orc wizard's attack.
The centaur wields a +0 shortbow.
The centaur shoots an arrow.
The arrow barely misses you.
The arrow hits the orc wizard.
You block the orc wizard's attack. The orc wizard casts a spell at you.
You are confused.
Unknown command.
It was a potion of resistance.
You feel protected.
The orc wizard miscasts a cantrip.
The orc wizard hits you but does no damage. x2
The centaur shoots an arrow.
The arrow hits you!
You die...

, , * , , ,, .###
... ..># .... ,
#..##.... * * ,
## ##c.s..... ,
.... ##...[.#...
*.#.#.#..........
.......@o.....#.
*
.#.#...o†.......
..?....#.#...?#.
##...#..........
.......#.#....#.
####............
, #..........#.*
* ##...........
####.....###


You could see a centaur, 2 orc wizards and a giant cockroach.

Vanquished Creatures
  An orc warrior (D:3)
  A necrophage (D:3)
  A howler monkey (D:4)
  A crimson imp (D:5)
  Jessica (D:2)
  A hound skeleton (D:4)
  4 adders
  A worm (D:3)
  A dart slug (D:3)
  5 leopard geckos
  10 orcs
  7 bats
  5 giant cockroaches
  6 goblins
  3 hobgoblins
  2 jackals (D:2)
  A quokka (D:4)
  2 ball pythons
  5 frilled lizards
  6 kobolds
  6 rats
70 creatures vanquished.

Notes
Turn   | Place    | Note
-------+----------+-------------------------------------------
     0 | D:1      | KristoblXynda the Deep Dwarf Fighter began the quest for
                  | the Orb.
     0 | D:1      | Reached XP level 1. HP: 20/20 MP: 1/1
   167 | D:1      | Reached XP level 2. HP: 24/27 MP: 2/2
   662 | D:2      | Reached XP level 3. HP: 26/34 MP: 3/3
   992 | D:2      | Noticed Jessica
   997 | D:2      | Killed Jessica
   997 | D:2      | Reached XP level 4. HP: 24/42 MP: 4/4
  1073 | D:3      | Found a shattered altar of Ashenzari.
  1078 | D:3      | Found an iron altar of Okawaru.
  1103 | D:3      | Reached skill level 4 in Armour
  1388 | D:3      | Noticed an orc warrior
  1396 | D:3      | Killed an orc warrior
  1396 | D:3      | Reached XP level 5. HP: 10/50 MP: 5/5
  1931 | D:3      | Noticed a necrophage
  1948 | D:3      | Killed a necrophage
  1948 | D:3      | Reached XP level 6. HP: 25/57 MP: 6/6
  2113 | D:3      | Found a basalt altar of Yredelemnul.
  2874 | D:5      | Entered Level 5 of the Dungeon
  2885 | D:5      | Reached skill level 5 in Armour
  2888 | D:5      | Shot with an arrow by a centaur

Levels and vault maps discovered:
D:1:      tarquinn_simple_flora_water_f, layout_basic, grunt_decor_mini_mirrors
D:2:      layout_rooms, uniq_jessica
D:3:      layout_basic, nicolae_overflow_hidden_temple,
          lemuel_coloured_pillars_altar, grunt_temple_overflow_open,
          first_ration
D:4:      layout_cave_pools, serial_bayou_pond_c
D:5:      layout_rooms, grunt_gozag_statues, minmay_temple_entry_antechambers,
          serial_shops, nicolae_shop_stone, serial_glass, glass_columns_c,
          glass_columns_c, glass_columns_c, glass_columns_a, glass_columns_b,
          glass_columns_b, glass_columns_a, glass_columns_b, glass_columns_c,
          glass_columns_a, glass_columns_b, glass_columns_a, glass_columns_a,
          glass_columns_a, uniq_eustachio

Skill      XL: |  1  2  3  4  5  6 |
---------------+-------------------+-----
Fighting       | 3 4 |  4.1
Axes           | 3 4 |  4.2
Armour         | 4 5 |  5.0
Shields        | 4 |  4.9

Action                   |  1- 3 |  4- 6 || total
-------------------------+-------+-------++-------
Melee: War axe           |    96 |   126 ||   222
Throw: Javelin           |       |     4 ||     4
Evoke: Wand              |       |     1 ||     1
  Use: Scroll            |       |     6 ||     6
       Potion            |       |     2 ||     2
  Eat: Chunk             |       |     6 ||     6
Armor: Scale mail        |    42 |    61 ||   103
Dodge: Dodged            |    25 |    48 ||    73
Block: Shield            |    50 |    82 ||   132

Table legend:
 A = Non-vault XP
 B = Vault XP
 C = Vault XP percentage of total XP
 D = Non-vault monster count
 E = Vault monster count
 F = Vault count percentage of total count
                 A         B        C        D         E       F
            +---------+---------+-------+---------+---------+-------
      Total |     547 |      37 |   6.3 |      69 |       1 |   1.4
            +---------+---------+-------+---------+---------+-------
        D:1 |      20 |       0 |   0.0 |      13 |       0 |   0.0
        D:2 |      41 |      37 |  47.4 |      18 |       1 |   5.3
        D:3 |     341 |       0 |   0.0 |      28 |       0 |   0.0
        D:4 |      94 |       0 |   0.0 |       8 |       0 |   0.0
        D:5 |      51 |       0 |   0.0 |       2 |       0 |   0.0
            +---------+---------+-------+---------+---------+-------
